 Dungeon Crawl Stone Soup version 0.28.0-47-ge53b351184 (webtiles) character file.

Game seed: 13213373941452931941

205 klau3 the Chopper (level 5, -6/47 HPs)
             Began as a Hill Orc Fighter on May 6, 2022.
             Mangled by an orc priest
             ... wielding a +0 war axe
              (8 damage)
             ... on level 4 of the Dungeon.
             The game lasted 00:07:22 (3337 turns).

klau3 the Chopper (Hill Orc Fighter)                Turns: 3337, Time: 00:07:23

Health: -6/47      AC: 14    Str: 19    XL:     5   Next: 83%
Magic:  5/5        EV:  5    Int:  8    God:
Gold:   154        SH:  4    Dex: 12    Spells: 4/4 levels left

rFire   . . .      SeeInvis .   a - +0 war axe
rCold   . . .      Faith    .   c - +0 buckler
rNeg    . . .      Spirit   .   q - +0 plate armour
rPois   .          Reflect  .   (no helmet)
rElec   .          Harm     .   (no cloak)
rCorr   .          Rampage  .   j - +0 pair of gloves
Will    .....                   d - +0 pair of boots
Stlth   ..........              (no amulet)
HPRegen 0.15/turn               (no ring)
MPRegen 0.09/turn               (no ring)

@: no status effects
A: no striking features
a: Convert to Beogh


You were on level 4 of the Dungeon.
You visited 1 branch of the dungeon, and saw 4 of its levels.

You collected 154 gold pieces.

Inventory:

Hand Weapons
 a - a +0 war axe (weapon)
Missiles
 i - 2 poisoned darts (quivered)
Armour
 b - a +0 scale mail
 c - a +0 buckler (worn)
 d - a +0 pair of boots (worn)
 j - a +0 pair of gloves (worn)
 q - a +0 plate armour (worn)
Scrolls
 f - a scroll of brand weapon {unknown}
 h - a scroll of enchant armour {unknown}
 l - 2 scrolls of immolation {unknown}
 m - a scroll of enchant weapon {unknown}
 n - 3 scrolls of teleportation {unknown}
 o - 4 scrolls of identify {unknown}
 p - a scroll of amnesia {unknown}
 r - a scroll of magic mapping {unknown}
Potions
 e - a potion of invisibility {unknown}
 g - a potion of magic {unknown}
 k - a potion of curing {unknown}


   Skills:
 + Level 4.6 Fighting
 + Level 5.1 Axes
 + Level 4.6 Armour
 + Level 0.7 Dodging
 + Level 3.7 Shields


You had 4 spell levels left.
You didn't know any spells.
Your spell library was empty.

Dungeon Overview and Level Annotations

Branches:
Dungeon (4/15)             Temple (0/1) D:4

Altars:
Sif Muna

Shops:
D:4 =


Message History

The orc hits you but does no damage.
You feel drained.
The orc priest hits you but does no damage.
The orc barely misses you. x2
The orc priest hits you with a +0 war axe.
* * * LOW HITPOINT WARNING * * *
You closely miss the orc priest.
The orc priest is almost dead.
You slash the orc!
You kill the orc!
You slash the orc!
You kill the orc!
The orc priest hits you but does no damage.
Your life force feels restored.
You hit the orc priest but do no damage.
The orc priest shouts, "Join the one true god or die!"
The orc priest is almost dead.
The orc priest hits you with a +0 war axe.
* * * LOW HITPOINT WARNING * * *
You barely miss the orc priest.
The orc priest is almost dead.
The orc priest hits you with a +0 war axe.
* * * LOW HITPOINT WARNING * * *
The orc priest threatens, "By the altar or by the axe, you will meet Beogh!"
You hit the orc priest but do no damage.
The orc priest is almost dead.
The orc priest hits you with a +0 war axe.
* * * LOW HITPOINT WARNING * * *
You block the orc priest's attack.
You closely miss the orc priest.
The orc priest threatens, "By the altar or by the axe, you will meet Beogh!"
The orc priest is almost dead.
The orc priest hits you but does no damage.
You closely miss the orc priest.
The orc priest is almost dead.
The orc priest hits you with a +0 war axe.
* * * LOW HITPOINT WARNING * * *
You hit the orc priest but do no damage.
The orc priest is almost dead.
The orc priest hits you with a +0 war axe!
You die...

#..#.#.#.>.#
##.#.#...#
###.#.#.###.
+.#.#..#...#
#....#..###.
###########.....##...#
............##....###.
#).......####### ##
####.##@......##
......)o........#
###.####......#.#
#...####.# ##..# .
♣..# ## ...# ♣∩♣.# .#


You could see an orc priest.

Vanquished Creatures
  A water moccasin skeleton (D:4)
  A bullfrog skeleton (D:4)
  2 adders
  3 gnolls (D:3)
  A white imp (D:3)
  2 worms
  3 dart slugs
  4 orcs (D:4)
  8 ball pythons
  11 endoplasms
  4 giant cockroaches
  2 goblins (D:1)
  5 hobgoblins
  A quokka (D:1)
  4 bats
  2 frilled lizards
  5 kobolds
  5 rats
64 creatures vanquished.

Vanquished Creatures (others)
  17 fungi (D:4)
17 creatures vanquished.

Grand Total: 81 creatures vanquished

Notes
Turn   | Place    | Note
-------+----------+-------------------------------------------
     0 | D:1      | klau3 the Hill Orc Fighter began the quest for the Orb.
     0 | D:1      | Reached XP level 1. HP: 19/19 MP: 1/1
   272 | D:1      | Reached XP level 2. HP: 22/27 MP: 2/2
  1061 | D:2      | Reached XP level 3. HP: 32/33 MP: 3/3
  1216 | D:2      | Reached skill level 3 in Axes
  1383 | D:2      | Found a shimmering blue altar of Sif Muna.
  2214 | D:3      | Reached XP level 4. HP: 28/40 MP: 4/4
  2873 | D:3      | Found a faded altar of an unknown god.
  3065 | D:4      | Reached skill level 4 in Axes
  3065 | D:4      | Reached XP level 5. HP: 47/47 MP: 5/5
  3100 | D:4      | Found a staircase to the Ecumenical Temple.
  3146 | D:4      | Reached skill level 5 in Axes
  3313 | D:4      | Found Efeteos's Jewellery Shoppe.
  3334 | D:4      | HP: 2/47 [orc priest/+0 war axe (2)]
  3337 | D:4      | Mangled by an orc priest

Illustrated notes

Levels and vault maps discovered:
D:1:      ebering_hopf_link, layout_basic
D:2:      layout_loops_ring, basic_altar, wander_ebering_terrifying_dragon_lair
D:3:      layout_basic, chequers_ecumenical_altar_island
D:4:      layout_basic, minmay_temple_entry_steel_oval, serial_aquarium,
          aquarium_bridge_island_small [aquarium_subvault_small_water,
          aquarium_subvault_wall, aquarium_subvault_wall,
          aquarium_subvault_bridge, aquarium_subvault_bridge],
          aquarium_bridge_square [aquarium_subvault_bridge,
          aquarium_subvault_balcony, aquarium_subvault_wall,
          aquarium_subvault_wall], aquarium_window_2,
          aquarium_window_corridor_3, aquarium_window_fake,
          aquarium_window_fake, aquarium_view_2f, aquarium_pool_S, serial_shops,
          nicolae_shop_trees, uniq_duvessa

Skill      XL: |  1  2  3  4  5 |
---------------+----------------+-----
Fighting       | 4 |  4.6
Axes           | 3 4 5 |  5.1
Armour         | 4 |  4.6
Dodging        | |  0.7
Shields        | |  3.7

Action                   |  1- 3 |  4- 6 || total
-------------------------+-------+-------++-------
Melee: War axe           |    88 |    84 ||   172
  Use: Potion            |       |     1 ||     1
Armor: Scale mail        |    50 |       ||    50
       Plate armour      |     2 |    60 ||    62
Dodge: Dodged            |    48 |    25 ||    73
Block: Buckler           |    35 |    21 ||    56
